 Dungeon Crawl Stone Soup version 0.29.1-2-gbd0b4ee654 (webtiles) character file.

Game seed: 11369654589314548310

2 Icepheonix32 the Insei (level 1, 0/13 HPs)
             Began as an Octopode Transmuter on Nov 21, 2022.
             Slain by a goblin
             ... wielding a +0 club
              (4 damage)
             ... on level 1 of the Dungeon.
             The game lasted 00:00:10 (102 turns).

Icepheonix32 the Insei (Octopode Transmuter)         Turns: 102, Time: 00:00:10

Health: 0/13       AC:  1    Str:  9    XL:     1   Next: 40%
Magic:  2/3        EV: 13    Int: 15    God:
Gold:   10         SH:  0    Dex: 12    Spells: 3/4 levels left

rFire   . . .      SeeInvis .     - Unarmed
rCold   . . .      Faith    .   (no shield)
rNeg    . . .      Spirit   .   (helmet currently unavailable)
rPois   .          Reflect  .   (no amulet)
rElec   .          Harm     .   (no ring)
rCorr   .          Rampage  .   (no ring)
Will    .....                   (no ring)
Stlth   ++........              (no ring)
HPRegen 0.04/turn               (no ring)
MPRegen 0.08/turn               (no ring)
                                (no ring)
                                (no ring)

@: appendages
A: tentacle spike 3, almost no armour, amphibious, 8 rings, camouflage 1,
gelatinous body 1, (nimble swimmer 1), tentacles
a: End Transformation


You were on level 1 of the Dungeon.
One of your tentacles had grown a beastly spike.
You visited 1 branch of the dungeon, and saw 1 of its levels.

You collected 10 gold pieces.

Inventory:

Potions
 a - a potion of lignification


   Skills:
 - Level 1.0 Fighting
 * Level 2.0 Dodging
 + Level 3.1 Unarmed Combat
 - Level 2.0 Spellcasting
 + Level 2.0 Transmutations


You had 3 spell levels left.
You knew the following spells:

 Your Spells              Type           Power      Damage    Failure   Level
a - Beastly Appendage     Tmut           14%        N/A       10%         1

Your spell library contained the following spells:

 Spells                   Type           Power      Damage    Failure   Level
 Wereblood                Tmut           7%         N/A       14%         2
 Spider Form              Tmut/Pois      4%         N/A       41%         3
 Ice Form                 Ice/Tmut       4%         N/A       82%         4


Dungeon Overview and Level Annotations

Branches:
Dungeon (1/15)

Altars:


Innate Abilities, Weirdness & Mutations

One of your tentacles has grown a beastly spike.
You cannot wear most types of armour.
You are amphibious.
You can wear up to eight rings at the same time.
Your skin changes colour to match your surroundings (Stealth+).
Your rubbery body absorbs attacks. (AC +1, EV +1)
((You are camouflaged when in or above water. (Stealth+)))
You have tentacles for arms and can constrict up to eight enemies at once.


Message History

A hobgoblin is nearby!
One of your tentacles grows a vicious spike.
The helpless hobgoblin fails to defend itself.
You tentacle-slap the hobgoblin. You grab the hobgoblin.
You pierce the hobgoblin.
You squeeze the hobgoblin.
You kill the hobgoblin!
No target in view!
No target in view!
Your tentacle spike disappears.
Magic restored.
You now have 10 gold pieces.
Found a spear.
No target in view!
An endoplasm comes into view.
The endoplasm quivers.
An endoplasm is nearby!
An endoplasm is nearby!
One of your tentacles grows a vicious spike.
You tentacle-slap the endoplasm.
You pierce the endoplasm.
You kill the endoplasm!
No target in view!
Your transformation is almost over.
Your tentacle spike disappears.
A goblin comes into view. It is wielding a +0 club.
A goblin is nearby!
A goblin is nearby!
One of your tentacles grows a vicious spike.
The goblin shouts!
The goblin closely misses you.
You closely miss the goblin. Your grab misses the goblin.
Your tentacle spike misses the goblin.
The goblin hits you with a +0 club.
You tentacle-slap the goblin but do no damage.
Your grab misses the goblin.
You squeeze the goblin, but do no damage.
The goblin hits you with a +0 club.
You are too injured to fight recklessly!
You are too injured to fight recklessly!
You barely miss the goblin. Your grab misses the goblin.
Your squeeze misses the goblin. The goblin hits you with a +0 club.
You die...

#.# # #.# .# ##### #.#
########.# .....
#.####........### #######
#)..##........... .......
####...##........# ######
##......##........# #
+............@g...# #
##....####........# ###
#....# #.####.#.# #..
####....####.# .# # #..
.............# .# # #..
........###..## .#.#######
#..
####..........###.........#
#..
##.....#......###......#####.
#####.#.....................


You could see a goblin.

Vanquished Creatures
  An endoplasm (D:1)
  A hobgoblin (D:1)
2 creatures vanquished.

Notes
Turn   | Place    | Note
-------+----------+-------------------------------------------
     0 | D:1      | Icepheonix32 the Octopode Transmuter began the quest for
                  | the Orb.
     0 | D:1      | Reached XP level 1. HP: 13/13 MP: 3/3
   102 | D:1      | Slain by a goblin

Illustrated notes

Levels and vault maps discovered:
D:1:      amcnicky_arrival_choice, layout_basic,
          hellmonk_ecumenical_altar_heavens_door, grunt_decor_junction,
          chequers_decorated_corner

Action                   || total
-------------------------++-------
Melee: Unarmed           ||     5
       Kick              ||     2
       Tentacles         ||     2
       Constrict         ||     1
 Cast: Beastly Appendage ||     3
 Stab: Sleeping          ||     1
Dodge: Dodged            ||     1
